 Dungeon Crawl Stone Soup version 0.28.0-43-g3370ac3207 (webtiles) character file.

Game seed: 18422129676006338184

60 Ablot the Grasshopper (level 4, -2/29 (38) HPs)
             Began as a Gnoll Warper on Mar 22, 2022.
             Slain by Terence
             ... wielding a +4 short sword of draining
              (8 damage)
             ... on level 2 of the Dungeon.
             The game lasted 00:02:49 (2104 turns).

Ablot the Grasshopper (Gnoll Warper)                Turns: 2104, Time: 00:02:50

HP:   -2/29 (38)    AC:  3    Str: 12    XL:     4   Next: 6%
MP:   8/11          EV: 12    Int: 13    God:
Gold: 50            SH:  0    Dex: 11    Spells: 11/13 levels left

rFire   . . .      SeeInvis .   a - +0 trident
rCold   . . .      Faith    .   (no shield)
rNeg    . . .      Spirit   .   b - +0 leather armour
rPois   .          Reflect  .   (no helmet)
rElec   .          Harm     .   (no cloak)
rCorr   .          Rampage  .   (no gloves)
Will    .....                   (no boots)
Stlth   +.........              (no amulet)
HPRegen 0.09/turn               (no ring)
MPRegen 0.12/turn               (no ring)

@: heavily drained
A: fangs 1, strong nose, distributed training
a: no special abilities


You were on level 2 of the Dungeon.
You visited 1 branch of the dungeon, and saw 2 of its levels.

You collected 64 gold pieces.
You spent 14 gold pieces at shops.

Inventory:

Hand Weapons
 a - a +0 trident (weapon)
Missiles
 d - 5 boomerangs of dispersal
 g - 101 stones (quivered)
 i - 18 arrows
Armour
 b - a +0 leather armour (worn)
Magical Staves
 f - a staff of cold
Scrolls
 c - a scroll of blinking
 e - 2 scrolls of immolation {unknown}
 h - a scroll of enchant weapon {unknown}
 j - a scroll of summoning {unknown}
 l - a scroll of torment {unknown}
 m - a scroll of vulnerability {unknown}
Potions
 k - a potion of might {unknown}


   Skills:
 + Level 4.6 Fighting
 + Level 1.0 Short Blades
 + Level 1.0 Long Blades
 + Level 1.0 Axes
 + Level 1.0 Maces & Flails
 + Level 4.6 Polearms
 + Level 1.0 Staves
 + Level 1.0 Slings
 + Level 1.0 Bows
 + Level 1.0 Crossbows
 + Level 2.7 Throwing
 + Level 2.7 Armour
 + Level 4.6 Dodging
 + Level 1.0 Stealth
 + Level 1.0 Shields
 + Level 1.0 Unarmed Combat
 + Level 5.0 Spellcasting
 + Level 0.7 Conjurations
 + Level 0.7 Hexes
 + Level 0.7 Summonings
 + Level 0.7 Necromancy
 + Level 5.4 Translocations
 + Level 0.7 Transmutations
 + Level 0.7 Fire Magic
 + Level 0.7 Ice Magic
 + Level 0.7 Air Magic
 + Level 0.7 Earth Magic
 + Level 0.7 Poison Magic
 + Level 1.1 Invocations
 + Level 1.0 Evocations


You had 11 spell levels left.
You knew the following spells:

 Your Spells              Type           Power      Damage    Failure   Level
a - Blink                 Tloc           34%        N/A       3%          2

Your spell library contained the following spells:

 Spells                   Type           Power      Damage    Failure   Level
 Gell's Gravitas          Tloc           17%        N/A       8%          3
 Lesser Beckoning         Tloc           17%        N/A       8%          3
 Teleport Other           Tloc           17%        N/A       8%          3
 Corpse Rot               Necr/Air       10%        N/A       26%         2
 Poisonous Vapours        Pois/Air       10%        N/A       26%         2
 Manifold Assault         Tloc           17%        N/A       56%         5


Dungeon Overview and Level Annotations

Branches:
Dungeon (2/15)

Altars:

Shops:
D:1 !

Annotations:
D:2 Terence


Innate Abilities, Weirdness & Mutations

You have very sharp teeth.
Your uncanny sense of smell can sniff out nearby items.
Your experience applies equally to all skills.


Message History

You blink.
Reach: a) +0 trident
Press: ? - help, Dir - move target, f/p - Terence
Aim: Terence, wielding a +4 short sword of draining and wearing a +0 ring mail (translocational energy, about 37% to evade your +0 trident)
You reach to attack!
You closely miss Terence. You hit Terence. Your bite misses Terence.
Terence is lightly wounded.
Terence hits you with a +4 short sword of draining.
You feel drained.
You hit Terence but do no damage.
Terence is lightly wounded.
You feel stable enough to blink again.
Terence hits you with a +4 short sword of draining!
You feel drained.
You hit Terence.
Terence is heavily wounded.
Terence hits you with a +4 short sword of draining.
You feel drained.
* * * LOW HITPOINT WARNING * * *
Casting: Blink (safe; 3% risk of failure)
Confirm with . or Enter, or press ? or * to list all spells.
You blink.
Reach: a) +0 trident
Press: ? - help, Dir - move target, f/p - Terence
Aim: Terence, wielding a +4 short sword of draining and wearing a +0 ring mail (heavily wounded, about 37% to evade your +0 trident)
You reach to attack!
You hit Terence but do no damage.
Terence is heavily wounded.
Unknown command.
You hit Terence.
Terence is heavily wounded.
Terence hits you with a +4 short sword of draining.
* * * LOW HITPOINT WARNING * * *
You feel drained.
* * * LOW HITPOINT WARNING * * *
Unknown command.
You hit Terence.
Terence is severely wounded.
You feel stable enough to blink again.
Terence hits you with a +4 short sword of draining!
You die...

#..# #.# ##+##
#..# #.# ###
#..###(######..
#..).......##.#
### #.#######.##.#
...
#.........##.###.#
#.###.###.##.....#
#)###.@........###
#.....@...####.#
#.#######.# #.#
#_#######.# #.#
#.........# #.#
###########
#.###### #.......#
#......# ####
#.#####.# #.#.##.#
...# #.#
#.#####..#.#.###
##.# #.#
#...............


You could see Terence.

Vanquished Creatures
  A worm (D:2)
  2 dart slugs (D:2)
  6 ball pythons
  2 endoplasms
  4 goblins (D:1)
  6 hobgoblins (D:1)
  6 jackals
  3 bats
  5 frilled lizards
  11 kobolds
  4 rats
50 creatures vanquished.

Notes
Turn   | Place    | Note
-------+----------+-------------------------------------------
     0 | D:1      | Ablot the Gnoll Warper began the quest for the Orb.
     0 | D:1      | Reached XP level 1. HP: 20/20 MP: 6/6
    70 | D:1      | Reached XP level 2. HP: 26/26 MP: 7/7
    81 | D:1      | Learned a level 2 spell: Blink
   283 | D:1      | Reached XP level 3. HP: 26/31 MP: 9/9
   292 | D:1      | Reached skill level 5 in Spellcasting
   634 | D:1      | Reached skill level 1 in Invocations
   734 | D:1      | Found Fumiunio's Distillery.
   743 | D:1      | Bought a potion of degeneration for 14 gold pieces
   970 | D:2      | Noticed Terence
  1505 | D:2      | Reached skill level 1 in Short Blades
  1505 | D:2      | Reached skill level 1 in Long Blades
  1505 | D:2      | Reached skill level 1 in Axes
  1505 | D:2      | Reached skill level 1 in Maces & Flails
  1505 | D:2      | Reached skill level 1 in Staves
  1505 | D:2      | Reached skill level 1 in Slings
  1505 | D:2      | Reached skill level 1 in Bows
  1505 | D:2      | Reached skill level 1 in Crossbows
  1505 | D:2      | Reached skill level 1 in Stealth
  1505 | D:2      | Reached skill level 1 in Shields
  1505 | D:2      | Reached skill level 1 in Unarmed Combat
  1505 | D:2      | Reached skill level 1 in Evocations
  2024 | D:2      | Reached XP level 4. HP: 36/36 MP: 11/11
  2035 | D:2      | Found a faded altar of an unknown god.
  2104 | D:2      | Slain by Terence

Illustrated notes

Levels and vault maps discovered:
D:1:      minmay_arrival_glassed_features, layout_loops_ring, serial_shops,
          nicolae_shop_window_shopping
D:2:      layout_loops_corners, basic_ecumenical_altar, uniq_terence

Skill      XL: |  1  2  3 |
---------------+----------+-----
Spellcasting   | 5 |  5.0
Invocations    | 1 |  1.1
Short Blades   | 1 |  1.0
Long Blades    | 1 |  1.0
Axes           | 1 |  1.0
Maces & Flails | 1 |  1.0
Staves         | 1 |  1.0
Slings         | 1 |  1.0
Bows           | 1 |  1.0
Crossbows      | 1 |  1.0
Stealth        | 1 |  1.0
Shields        | 1 |  1.0
Unarmed Combat | 1 |  1.0
Evocations     | 1 |  1.0
Fighting       | |  4.6
Polearms       | |  4.6
Throwing       | |  2.7
Armour         | |  2.7
Dodging        | |  4.6
Conjurations   | |  0.7
Hexes          | |  0.7
Summonings     | |  0.7
Necromancy     | |  0.7
Translocations | |  5.4
Transmutations | |  0.7
Fire Magic     | |  0.7
Ice Magic      | |  0.7
Air Magic      | |  0.7
Earth Magic    | |  0.7
Poison Magic   | |  0.7

Action                   |  1- 3 |  4- 6 || total
-------------------------+-------+-------++-------
Melee: Spear             |   109 |       ||   109
       Bite              |     8 |       ||     8
       Trident           |    40 |    14 ||    54
       Punch             |     1 |       ||     1
Throw: Stone             |     5 |     2 ||     7
 Cast: Blink             |     4 |     2 ||     6
 Stab: Sleeping          |     2 |       ||     2
Armor: Leather armour    |    24 |     1 ||    25
Dodge: Dodged            |    67 |     1 ||    68
